General information
- name: BNet
- type: Ladder team game (AT/RT)
- host: Battle.net
- saver: (=_=)
map: TwilightRuins
- players: 8
- length: 26:41
- speed: Fast
- version: 1.28 W3XP
- replay type: Public
» download(210 KB)
Players
team 1 (winner)
mfGFisaSOCK2 (
blue | 61 APM | 1635 actions | 26:40)
5 Death Knight
3 Death Coil
2 Unholy Aura
4 Lich
2 Frost Nova
2 Frost Armor
» actions
| Assign group hotkey | 42 | |
| Basic commands | 6 | |
| Build / train | 61 | |
| Enter build submenu | 14 | |
| Enter hero's abilities submenu | 9 | |
| Give item / drop item | 1 | |
| Remove unit from queue | 1 | |
| Right click | 882 | |
| Select / deselect | 251 | |
| Select group hotkey | 279 | |
| Use ability | 89 | |
1635 total
» units
| Acolyte | 2 | |
| Ghoul | 3 | |
| Crypt Fiend | 7 | |
| Goblin Zeppelin | 1 | |
| Frost Wyrm | 11 | |
| Gargoyle | 6 | |
| Goblin Sapper | 3 | |
33 total
» upgrades
» buildings
| Graveyard | 1 | |
| Crypt | 1 | |
| Altar of Darkness | 1 | |
| Ziggurat | 7 | |
| Tomb of Relics | 1 | |
| Halls of the Dead | 1 | |
| Black Citadel | 1 | |
| Sacrificial Pit | 1 | |
| Boneyard | 2 | |
16 total
» build order
00:16 Graveyard
00:24 Crypt
00:44 Altar of Darkness
01:01 Ziggurat
01:21 Ziggurat
01:44 Tomb of Relics
02:22 Ziggurat
03:46 Halls of the Dead
05:47 Ziggurat
06:32 Black Citadel
06:39 Sacrificial Pit
09:10 Boneyard
09:12 Boneyard
10:40 Ziggurat
10:42 Ziggurat
23:08 Ziggurat
» items
| Rod of Necromancy | 1 | |
| Scroll of Town Portal | 5 | |
| Orb of Corruption | 1 | |
| Dust of Appearance | 1 | |
| Potion of Lesser Invulnerability | 1 | |
9 total

»
Canada.Eh (
green | 57 APM | 1530 actions | 26:40)
7 Goblin Tinker
3 Cluster Rockets
3 Engineering Upgrade
1 Robo-Goblin
5 Priestess of the Moon
3 Trueshot Aura
2 Scout
» actions
| Assign group hotkey | 46 | |
| Basic commands | 96 | |
| Build / train | 94 | |
| ESC pressed | 4 | |
| Enter build submenu | 19 | |
| Enter hero's abilities submenu | 13 | |
| Give item / drop item | 2 | |
| Right click | 353 | |
| Select / deselect | 276 | |
| Select group hotkey | 555 | |
| Use ability | 72 | |
1530 total
» units
| Wisp | 13 | |
| Archer | 5 | |
| Goblin Shredder | 1 | |
| Dryad | 12 | |
| Faerie Dragon | 6 | |
| Chimaera | 6 | |
| Hippogryph | 17 | |
60 total
» upgrades
| Reinforced Hides | 3 | |
| Abolish Magic | 1 | |
| Corrosive Breath | 1 | |
| Strength of the Wild | 3 | |
8 total
» buildings
| Moon Well | 8 | |
| Ancient of War | 1 | |
| Altar of Elders | 1 | |
| Tree of Ages | 1 | |
| Tree of Life | 1 | |
| Hunter's Hall | 1 | |
| Ancient of Wonders | 1 | |
| Tree of Eternity | 1 | |
| Ancient of Wind | 2 | |
| Ancient of Lore | 1 | |
| Chimaera Roost | 2 | |
20 total
» build order
00:23 Moon Well
00:39 Ancient of War
01:23 Altar of Elders
02:08 Moon Well
03:24 Tree of Ages
04:44 Tree of Life
05:01 Hunter's Hall
05:45 Ancient of Wonders
06:01 Tree of Eternity
06:14 Ancient of Wind
06:20 Ancient of Lore
06:23 Moon Well
07:33 Moon Well
08:35 Chimaera Roost
08:43 Chimaera Roost
10:02 Moon Well
11:01 Moon Well
12:15 Moon Well
13:09 Moon Well
15:20 Ancient of Wind
» items
| Scroll of Town Portal | 3 | |
| Scroll of Regeneration | 1 | |
| Potion of Healing | 2 | |
| Potion of Lesser Invulnerability | 1 | |
| Scroll of Healing | 2 | |
| Orb of Corruption | 1 | |
10 total
(=_=) (
pink | 80 APM | 2131 actions | 26:41)
8 Archmage
3 Summon Water Elemental
3 Brilliance Aura
1 Mass Teleport
1 Blizzard
» actions
| Assign group hotkey | 53 | |
| Basic commands | 42 | |
| Build / train | 92 | |
| Enter build submenu | 35 | |
| Enter hero's abilities submenu | 8 | |
| Give item / drop item | 2 | |
| Remove unit from queue | 3 | |
| Right click | 878 | |
| Select / deselect | 371 | |
| Select group hotkey | 481 | |
| Use ability | 166 | |
2131 total
» units
| Peasant | 21 | |
| Footman | 6 | |
| Goblin Shredder | 2 | |
| Gryphon Rider | 6 | |
| Dragonhawk Rider | 8 | |
43 total
» upgrades
| Lumber Harvesting | 1 | |
| Masonry | 2 | |
| Swords | 1 | |
| Armor | 2 | |
| Animal War Training | 1 | |
| Storm Hammers | 1 | |
8 total
» buildings
| Altar of Kings | 2 | |
| Barracks | 1 | |
| Farm | 9 | |
| Scout Tower | 13 | |
| Arcane Vault | 1 | |
| Arcane Tower | 1 | |
| Lumber Mill | 1 | |
| Keep | 2 | |
| Guard Tower | 11 | |
| Town Hall | 1 | |
| Castle | 2 | |
| Gryphon Aviary | 4 | |
| Blacksmith | 2 | |
50 total
» build order
00:50 Altar of Kings
00:54 Barracks
00:57 Farm
01:05 Farm
01:28 Farm
01:55 Farm
02:02 Scout Tower
02:24 Arcane Vault
02:40 Arcane Tower
03:53 Lumber Mill
03:58 Keep
04:11 Scout Tower
04:13 Scout Tower
04:22 Scout Tower
04:58 Guard Tower
06:42 Town Hall
06:45 Scout Tower
06:45 Scout Tower
06:46 Scout Tower
06:46 Scout Tower
07:05 Castle
07:12 Guard Tower
07:12 Guard Tower
07:12 Guard Tower
07:13 Guard Tower
07:16 Guard Tower
07:16 Guard Tower
07:16 Guard Tower
09:33 Gryphon Aviary
09:33 Gryphon Aviary
09:34 Gryphon Aviary
09:34 Gryphon Aviary
09:40 Blacksmith
09:41 Blacksmith
09:46 Farm
10:43 Scout Tower
10:45 Scout Tower
10:47 Scout Tower
10:48 Scout Tower
10:50 Scout Tower
11:40 Guard Tower
11:43 Guard Tower
12:58 Farm
12:58 Farm
12:59 Farm
13:03 Farm
19:16 Keep
22:25 Altar of Kings
24:43 Castle
» items
| Scroll of Regeneration | 2 | |
| Mechanical Critter | 3 | |
| Scroll of Town Portal | 3 | |
| Potion of Healing | 1 | |
| Staff of Sanctuary | 1 | |
| Scroll of Healing | 1 | |
11 total
Daretti (
teal | 33 APM | 868 actions | 26:40)
4 Mountain King
2 Storm Bolt
2 Bash
» actions
| Build / train | 77 | |
| Enter build submenu | 29 | |
| Enter hero's abilities submenu | 4 | |
| Give item / drop item | 1 | |
| Right click | 516 | |
| Select / deselect | 198 | |
| Use ability | 43 | |
868 total
» units
| Peasant | 17 | |
| Footman | 4 | |
| Rifleman | 16 | |
| Mortar Team | 3 | |
| Flying Machine | 15 | |
55 total
» upgrades
| Gunpowder | 2 | |
| Masonry | 1 | |
| Long Rifles | 1 | |
| Flak Cannons | 1 | |
| Flying Machine Bombs | 1 | |
6 total
» buildings
| Altar of Kings | 1 | |
| Farm | 11 | |
| Barracks | 1 | |
| Scout Tower | 7 | |
| Lumber Mill | 1 | |
| Arcane Tower | 1 | |
| Blacksmith | 3 | |
| Guard Tower | 6 | |
| Arcane Vault | 1 | |
| Keep | 1 | |
| Workshop | 2 | |
| Castle | 1 | |
36 total
» build order
00:06 Altar of Kings
00:09 Farm
00:57 Farm
01:10 Barracks
01:35 Scout Tower
02:10 Lumber Mill
02:16 Arcane Tower
02:26 Farm
03:28 Farm
03:42 Blacksmith
03:46 Blacksmith
03:51 Blacksmith
04:08 Scout Tower
04:35 Guard Tower
04:38 Farm
05:09 Arcane Vault
05:15 Scout Tower
05:16 Keep
05:42 Farm
05:43 Guard Tower
06:21 Scout Tower
06:50 Guard Tower
06:56 Farm
07:00 Farm
07:49 Workshop
07:55 Farm
08:01 Farm
09:09 Workshop
09:44 Farm
09:48 Scout Tower
09:52 Castle
10:35 Guard Tower
10:39 Scout Tower
10:53 Scout Tower
11:19 Guard Tower
11:21 Guard Tower
» items
team 2 (loser)

»
Leandro0001 (
yellow | 65 APM | 1729 actions | 26:40)
6 Archmage
3 Summon Water Elemental
2 Brilliance Aura
1 Mass Teleport
5 Paladin
2 Holy Light
2 Devotion Aura
1 Divine Shield
» actions
| Assign group hotkey | 59 | |
| Basic commands | 4 | |
| Build / train | 86 | |
| Enter build submenu | 23 | |
| Enter hero's abilities submenu | 11 | |
| Give item / drop item | 2 | |
| Remove unit from queue | 1 | |
| Right click | 640 | |
| Select / deselect | 341 | |
| Select group hotkey | 443 | |
| Use ability | 119 | |
1729 total
» units
| Peasant | 10 | |
| Footman | 6 | |
| Rifleman | 8 | |
| Gryphon Rider | 11 | |
35 total
» upgrades
| Masonry | 3 | |
| Lumber Harvesting | 2 | |
| Long Rifles | 1 | |
| Swords | 3 | |
| Animal War Training | 1 | |
| Armor | 3 | |
| Gunpowder | 3 | |
| Storm Hammers | 1 | |
17 total
» buildings
| Altar of Kings | 1 | |
| Farm | 7 | |
| Barracks | 1 | |
| Scout Tower | 13 | |
| Arcane Vault | 1 | |
| Lumber Mill | 1 | |
| Arcane Tower | 2 | |
| Blacksmith | 1 | |
| Guard Tower | 6 | |
| Keep | 1 | |
| Castle | 1 | |
| Gryphon Aviary | 2 | |
37 total
» build order
00:08 Altar of Kings
00:14 Farm
00:27 Barracks
00:40 Farm
01:34 Farm
02:03 Scout Tower
02:23 Farm
02:32 Arcane Vault
03:18 Lumber Mill
03:20 Arcane Tower
03:39 Scout Tower
04:16 Blacksmith
04:28 Guard Tower
04:49 Keep
05:49 Scout Tower
06:04 Farm
06:42 Arcane Tower
07:26 Castle
08:24 Gryphon Aviary
08:28 Farm
08:31 Farm
09:13 Scout Tower
09:16 Scout Tower
09:16 Scout Tower
09:22 Scout Tower
09:23 Scout Tower
09:26 Scout Tower
09:51 Guard Tower
09:54 Gryphon Aviary
09:57 Guard Tower
11:03 Guard Tower
13:08 Scout Tower
13:08 Scout Tower
13:09 Scout Tower
13:10 Scout Tower
14:51 Guard Tower
15:34 Guard Tower
» items
| Scroll of Regeneration | 1 | |
| Scroll of Town Portal | 5 | |
| Potion of Healing | 4 | |
| Orb of Fire | 1 | |
11 total

»
Cumaster (
orange | 57 APM | 1533 actions | 26:40)
5 Priestess of the Moon
3 Trueshot Aura
2 Scout
» actions
| Assign group hotkey | 55 | |
| Basic commands | 72 | |
| Build / train | 95 | |
| ESC pressed | 1 | |
| Enter build submenu | 40 | |
| Enter hero's abilities submenu | 5 | |
| Remove unit from queue | 4 | |
| Right click | 407 | |
| Select / deselect | 339 | |
| Select group hotkey | 432 | |
| Use ability | 83 | |
1533 total
» units
| Wisp | 26 | |
| Huntress | 6 | |
| Chimaera | 7 | |
| Druid of the Talon | 2 | |
| Faerie Dragon | 5 | |
| Hippogryph | 11 | |
57 total
» upgrades
| Ultravision | 1 | |
| Sentinel | 1 | |
| Strength of the Wild | 2 | |
| Upgrade Moon Glaive | 1 | |
| Well Spring | 1 | |
| Corrosive Breath | 1 | |
| Druid of the Talon Training | 1 | |
| Nature's Blessing | 1 | |
| Reinforced Hides | 1 | |
10 total
» buildings
| Moon Well | 6 | |
| Altar of Elders | 1 | |
| Hunter's Hall | 1 | |
| Ancient of War | 3 | |
| Tree of Ages | 2 | |
| Ancient of Wind | 6 | |
| Tree of Eternity | 1 | |
| Tree of Life | 3 | |
| Chimaera Roost | 3 | |
| Ancient Protector | 7 | |
| Ancient of Wonders | 2 | |
35 total
» build order
00:10 Moon Well
00:20 Altar of Elders
01:34 Hunter's Hall
01:47 Ancient of War
01:51 Ancient of War
02:05 Moon Well
02:14 Moon Well
03:17 Tree of Ages
04:22 Moon Well
05:49 Ancient of Wind
05:52 Tree of Eternity
07:11 Moon Well
07:49 Tree of Life
08:18 Chimaera Roost
08:22 Chimaera Roost
08:25 Chimaera Roost
08:42 Moon Well
10:55 Ancient Protector
10:58 Ancient Protector
11:02 Ancient of War
12:12 Ancient of Wonders
12:54 Ancient Protector
12:59 Ancient Protector
13:01 Ancient Protector
14:36 Tree of Life
16:00 Ancient Protector
18:44 Tree of Ages
20:57 Ancient of Wonders
21:14 Ancient of Wind
21:47 Ancient Protector
23:47 Ancient of Wind
23:51 Ancient of Wind
24:17 Ancient of Wind
25:19 Ancient of Wind
25:58 Tree of Life
» items
| Scroll of Regeneration | 5 | |
| Lesser Clarity Potion | 1 | |
| Scroll of Town Portal | 7 | |
| Potion of Healing | 3 | |
16 total
DelroyIsANiger (
purple | 105 APM | 2793 actions | 26:40)
7 Mountain King
3 Storm Bolt
3 Bash
1 Avatar
5 Blood Mage
3 Banish
2 Siphon Mana
» actions
| Assign group hotkey | 45 | |
| Basic commands | 75 | |
| Build / train | 171 | |
| Enter build submenu | 27 | |
| Enter hero's abilities submenu | 13 | |
| Give item / drop item | 2 | |
| Right click | 936 | |
| Select / deselect | 441 | |
| Select group hotkey | 974 | |
| Use ability | 109 | |
2793 total
» units
| Peasant | 41 | |
| Footman | 7 | |
| Goblin Shredder | 4 | |
| Gryphon Rider | 12 | |
| Flying Machine | 78 | |
142 total
» upgrades
| Armor | 3 | |
| Swords | 3 | |
| Storm Hammers | 1 | |
| Gunpowder | 2 | |
| Flak Cannons | 1 | |
10 total
» buildings
| Altar of Kings | 1 | |
| Barracks | 1 | |
| Farm | 12 | |
| Town Hall | 2 | |
| Keep | 1 | |
| Lumber Mill | 1 | |
| Blacksmith | 1 | |
| Arcane Vault | 2 | |
| Castle | 1 | |
| Gryphon Aviary | 3 | |
| Workshop | 2 | |
27 total
» build order
00:22 Altar of Kings
00:35 Barracks
00:50 Farm
01:04 Farm
01:40 Farm
01:59 Farm
03:34 Town Hall
04:02 Keep
05:07 Lumber Mill
05:09 Blacksmith
05:44 Arcane Vault
05:45 Farm
05:47 Farm
05:48 Arcane Vault
05:50 Farm
06:25 Castle
06:44 Gryphon Aviary
06:45 Gryphon Aviary
07:06 Gryphon Aviary
07:18 Farm
07:19 Farm
07:48 Farm
07:50 Farm
07:51 Farm
09:38 Town Hall
16:22 Workshop
16:22 Workshop
» items
| Boots of Speed | 1 | |
| Scroll of Town Portal | 2 | |
3 total

»
|c0033FF00:)|r (
red | 40 APM | 1072 actions | 26:40)
6 Blademaster
3 Wind Walk
2 Critical Strike
1 Bladestorm
2 Shadow Hunter
1 Hex
1 Healing Wave
» actions
| Build / train | 68 | |
| Enter build submenu | 21 | |
| Enter hero's abilities submenu | 8 | |
| Give item / drop item | 2 | |
| Remove unit from queue | 2 | |
| Right click | 530 | |
| Select / deselect | 353 | |
| Use ability | 88 | |
1072 total
» units
| Peon | 11 | |
| Grunt | 6 | |
| Goblin Shredder | 1 | |
| Tauren | 8 | |
| Troll Witch Doctor | 3 | |
| Shaman | 2 | |
| Spirit Walker | 2 | |
33 total
» upgrades
| Armor | 2 | |
| Witch Doctor Training | 2 | |
| Melee Weapons | 2 | |
| Shaman Training | 2 | |
8 total
» buildings
| Altar of Storms | 1 | |
| Orc Burrow | 8 | |
| Barracks | 1 | |
| Voodoo Lounge | 1 | |
| Stronghold | 1 | |
| War Mill | 1 | |
| Great Hall | 2 | |
| Watch Tower | 1 | |
| Fortress | 1 | |
| Spirit Lodge | 2 | |
| Tauren Totem | 2 | |
| Beastiary | 1 | |
22 total
» build order
00:08 Altar of Storms
00:11 Orc Burrow
01:10 Barracks
01:23 Orc Burrow
02:13 Voodoo Lounge
03:12 Stronghold
03:52 War Mill
03:57 Orc Burrow
05:00 Great Hall
05:28 Watch Tower
06:11 Fortress
06:35 Spirit Lodge
07:41 Orc Burrow
07:55 Spirit Lodge
08:42 Tauren Totem
08:48 Tauren Totem
08:51 Orc Burrow
13:01 Orc Burrow
13:03 Orc Burrow
16:48 Orc Burrow
18:52 Great Hall
23:20 Beastiary
» items
| Healing Salve | 4 | |
| Scroll of Town Portal | 4 | |
| Lesser Clarity Potion | 1 | |
| Orb of Lightning | 1 | |
10 total
Chat log
(00:07 / All) Canada.Eh: gl hf
(00:08 / Allies) Canada.Eh: hi a
(00:09 / Allies) mfGFisaSOCK2: 100g plz
(00:11 / All) DelroyIsANiger: canada eh?
(00:19 / All) Daretti: hey i know delroy
(00:22 / All) Daretti: he is a nigger irl
(00:25 / All) DelroyIsANiger: yes he is!
(00:31 / Allies) mfGFisaSOCK2: 100g plz
(00:36 / Allies) mfGFisaSOCK2: green
(00:37 / Allies) mfGFisaSOCK2: plz
(00:43 / All) DelroyIsANiger: is he actually
(00:45 / Allies) mfGFisaSOCK2: 100g
(00:46 / Allies) mfGFisaSOCK2: team
(00:47 / Allies) mfGFisaSOCK2: nowplz
(00:48 / All) DelroyIsANiger: cause he told me that but i didnt believe him
(00:49 / Allies) mfGFisaSOCK2: io p[ay back
(00:49 / All) Daretti: i know
(00:50 / Allies) mfGFisaSOCK2: imgood
(00:53 / All) DelroyIsANiger: is he?
(00:54 / Allies) Canada.Eh: we rushing?
(00:56 / Allies) mfGFisaSOCK2: 100g
(00:58 / Allies) mfGFisaSOCK2: 100 g
(00:58 / Allies) mfGFisaSOCK2: wtf
(01:08 / All) DelroyIsANiger: is he actually a nigger?
(01:12 / Allies) mfGFisaSOCK2: dudes building like 30 wisps
(01:22 / All) DelroyIsANiger: because i feel terrible if he is
(01:25 / All) Daretti: yeah he was sucking my dick last week behind a wal mart
(01:28 / Allies) Canada.Eh: that's what ne do dumbass
(01:29 / All) DelroyIsANiger: oh
(01:32 / Allies) mfGFisaSOCK2: bro
(01:35 / Allies) mfGFisaSOCK2: ne feeds the ud
(01:40 / Allies) mfGFisaSOCK2: to get up fiends and dk fast
(01:48 / Allies) mfGFisaSOCK2: thats all bro
(01:52 / Allies) mfGFisaSOCK2: not trtyin to be ass
(02:02 / Allies) mfGFisaSOCK2: imkoo now
(03:02 / Allies) mfGFisaSOCK2: imcoming
(05:03 / Allies) (=_=): gonna expand
(06:15 / Allies) (=_=): help 3
(10:06 / Allies) (=_=): kill that shreddar blue lawl
(10:14 / Allies) (=_=): damn he ran it out
(12:51 / Allies) (=_=): god lol
(12:54 / Allies) (=_=): I fukken tped
(13:18 / Allies) mfGFisaSOCK2: main
(13:37 / Allies) (=_=): help
(13:44 / All) (=_=): THX TEAM
(13:58 / Allies) mfGFisaSOCK2: gg
(14:07 / Allies) mfGFisaSOCK2: no other tpo
(14:12 / Allies) (=_=): look at this fucking faggot
(14:17 / All) (=_=): really...
(14:30 / Allies) (=_=): now I'm fucked
(14:39 / Allies) (=_=): they'll keep hitting me
(15:13 / Allies) (=_=): hit that base
(17:27 / All) (=_=): lol
(17:28 / All) (=_=): man
(17:32 / All) (=_=): my whole base destroyed
(18:44 / Allies) Canada.Eh: massing hyps
(18:53 / Allies) (=_=): he's going gyro
(20:17 / Allies) (=_=): I don't have cloud and can't research for a while
(23:08 / All) (=_=): fucking christ
(23:26 / Allies) Canada.Eh: lol
(23:28 / Allies) Canada.Eh: fucked up oj
(24:49 / Allies) (=_=): tp to blue green
(24:51 / Allies) Canada.Eh: coming
(25:39 / Allies) (=_=): he has no tp
(26:40 / All) (=_=): fun game!